 Dungeon Crawl Stone Soup version 0.29.0-4-gdea44cf6ec (webtiles) character file.

Game seed: 14390686428988202427

95 qw the Ruffian (level 4, 0/35 HPs)
             Began as a Ghoul Fire Elementalist on Aug 29, 2022.
             Slain by a gnoll
             ... wielding a +3 spear
              (6 damage)
             ... on level 3 of the Dungeon.
             The game lasted 00:01:31 (2204 turns).

qw the Ruffian (Ghoul Fire Elementalist)            Turns: 2204, Time: 00:01:32

Health: 0/35       AC: 10    Str: 13    XL:     4   Next: 66%
Magic:  5/5        EV:  6    Int: 10    God:
Gold:   73         SH:  0    Dex:  9    Spells: 5/6 levels left

rFire   . . .      SeeInvis .     - Unarmed
rCold   + + .      Faith    .   (no shield)
rNeg    + + +      Spirit   .   d - +0 chain mail
rPois   inf        Reflect  .   g - +1 helmet
rElec   .          Harm     .   (no cloak)
rCorr   .          Rampage  .   (no gloves)
Will    .....                   (no boots)
Stlth   ..........              (no amulet)
HPRegen 0.00/turn               e - ring of protection from cold
MPRegen 0.09/turn               (no ring)

@: inhibited regen
A: claws 1, cold resistance 1, negative energy resistance 3, inhibited
regeneration, torment resistance 2, devour on kill
a: no special abilities


You were on level 3 of the Dungeon.
You visited 1 branch of the dungeon, and saw 3 of its levels.

You collected 73 gold pieces.


Innate Abilities, Weirdness & Mutations

You are immune to poison.
You have sharp fingernails.
Your flesh is cold resistant. (rC+)
You are immune to negative energy. (rN+++)
You do not regenerate when monsters are visible.
You are immune to unholy pain and torment.
You thrive by killing the living.


   Skills:
 - Level 1.0 Fighting
 - Level 1.5 Armour
 - Level 1.7 Dodging
 - Level 2.1 Stealth
 + Level 3.6 Unarmed Combat
 - Level 1.7 Spellcasting
 - Level 0.7 Conjurations
 - Level 2.4 Fire Magic


You had 5 spell levels left.
You knew the following spells:

 Your Spells              Type           Power      Damage    Failure   Level
a - Foxfire               Conj/Fire      16%        2x1d4     99%         1

Your spell library contained the following spells:

 Spells                   Type           Power      Damage    Failure   Level
 Scorch                   Fire           10%        2d6       99%         2
 Conjure Flame            Conj/Fire      4%         6-21      100%        3
 Inner Flame              Hex/Fire       3%         N/A       100%        3
 Flame Wave               Conj/Fire      4%         2d5       100%        4

Inventory:

Missiles
 c - 2 boomerangs (quivered)
Armour
 d - a +0 chain mail (worn)
 g - a +1 helmet (worn)
Jewellery
 e - a ring of protection from cold (left claw)
Potions
 a - a potion of attraction {unknown}
 b - a potion of lignification {unknown}

Dungeon Overview and Level Annotations

Branches:
Dungeon (3/15)

Altars:

Shops:
D:2 [


Message History

You claw the giant cockroach!
You kill the giant cockroach!
You feel better. The ball python barely misses you. The ball python grabs you.
The ball python constricts you.
You closely miss the ball python.
The ball python bites you but does no damage.
The ball python constricts you.
You scratch the ball python. You claw the ball python.
You kill the ball python!
The gnoll hits you but does no damage.
You scratch the gnoll.
The gnoll is lightly wounded.
The gnoll barely misses you.
The gnoll hits you from afar with a +3 spear.
The gnoll hits you but does no damage.
You scratch the gnoll.
The gnoll is moderately wounded.
The gnoll barely misses you. x3
You barely miss the gnoll.
The gnoll is moderately wounded.
The gnoll hits you but does no damage. x2; The gnoll barely misses you.
You scratch the gnoll.
The gnoll is heavily wounded.
The gnoll barely misses you.
The gnoll hits you from afar with a +0 spear!
The gnoll hits you but does no damage.
You barely miss the gnoll.
The gnoll is heavily wounded.
The gnoll barely misses you.
The gnoll hits you from afar with a +3 spear.
The gnoll barely misses you.
You scratch the gnoll.
The gnoll is almost dead.
The gnoll hits you but does no damage. x2; The gnoll barely misses you.
You scratch the gnoll but do no damage. You claw the gnoll.
You kill the gnoll!
The gnoll hits you but does no damage.
The gnoll hits you from afar with a +3 spear.
You die...

#############
#####..g)@.#..))#
.......g##.#.##)#
........##.#..#(#
.......$##.#.<#.#
......).##.####.#
........##......#
........#########
........#
#####+###


You could see 2 gnolls.

Vanquished Creatures
  An orc wizard (D:3)
  3 adders (D:2)
  A gnoll (D:3)
  A worm (D:2)
  5 orcs
  2 bats
  3 endoplasms
  2 giant cockroaches
  A goblin (D:1)
  4 hobgoblins (D:2)
  A quokka (D:1)
  5 ball pythons
  A frilled lizard (D:2)
  2 kobolds
  7 rats
39 creatures vanquished.

Vanquished Creatures (others)
  5 plants (D:3)
5 creatures vanquished.

Grand Total: 44 creatures vanquished

Notes
Turn   | Place    | Note
-------+----------+-------------------------------------------
     0 | D:1      | qw the Ghoul Fire Elementalist began the quest for the Orb.
     0 | D:1      | Reached XP level 1. HP: 14/14 MP: 2/2
     0 | D:1      | 0 ||| qw: Version: 0.1-a-90-g952f4b7
     0 | D:1      | 0 ||| qw: Game counter: 3721
     0 | D:1      | 0 ||| qw: Always use a shield: true
     0 | D:1      | 0 ||| qw: God list: Okawaru
     0 | D:1      | 0 ||| qw: Allow faded altars: false
     0 | D:1      | 0 ||| qw: Do Orc after D:15 true
     0 | D:1      | 0 ||| qw: Do second Lair branch before Depths: true
     0 | D:1      | 0 ||| qw: Lair rune preference: random
     0 | D:1      | 0 ||| qw: Plans: Normal
     0 | D:1      | 0 ||| PLANNING D:1-11
   385 | D:1      | Reached skill level 1 in Unarmed Combat
   647 | D:1      | 647 ||| Stepping ~*~*~tactically~*~*~ (outnumbered).
   651 | D:1      | Reached skill level 1 in Fighting
   651 | D:1      | Reached XP level 2. HP: 23/23 MP: 3/3
   786 | D:1      | 786 ||| UPGRADING to +0 chain mail.
   796 | D:1      | 796 ||| DROPPING +0 robe.
   797 | D:1      | 797 ||| UPGRADING to ring of protection from cold.
   798 | D:1      | 798 ||| READING scroll labelled WOFRIE GYMPIH.
   803 | D:1      | 803 ||| DROPPING potion of magic.
   848 | D:2      | Reached skill level 2 in Unarmed Combat
   888 | D:2      | Reached XP level 3. HP: 28/28 MP: 4/4
   919 | D:2      | 919 ||| Stepping ~*~*~tactically~*~*~ (stealth).
   941 | D:2      | Reached skill level 3 in Unarmed Combat
  1007 | D:2      | 1007 ||| Stepping ~*~*~tactically~*~*~ (outnumbered).
  1302 | D:2      | 1302 ||| Stepping ~*~*~tactically~*~*~ (stealth).
  1318 | D:2      | 1318 ||| FLEEEEING.
  1319 | D:2      | 1319 ||| FLEEEEING.
  1320 | D:2      | 1320 ||| FLEEEEING.
  1326 | D:2      | 1326 ||| FLEEEEING.
  1507 | D:2      | HP: 6/28 [worm (5)]
  1751 | D:2      | Found Fifob's Armour Shop.
  1760 | D:2      | 1760 ||| SHOPLISTING +2 pair of boots (181 gold, have 64).
  1760 | D:2      | 1760 ||| SHOPLISTING +2 ring mail of fire resistance (231
                  | gold, have 64).
  1832 | D:2      | Reached XP level 4. HP: 35/35 MP: 5/5
  2023 | D:2      | 2023 ||| UPGRADING to +0 helmet.
  2028 | D:2      | 2028 ||| READING 2 scrolls labelled YRARYT JOELEW.
  2029 | D:2      | 2029 ||| READING scroll of enchant armour.
  2029 | D:2      | 2029 ||| ENCHANTING +0 helmet.
  2065 | D:3      | 2065 ||| Stepping ~*~*~tactically~*~*~ (hiding).
  2080 | D:3      | Reached skill level 1 in Armour
  2189 | D:3      | 2189 ||| Stepping ~*~*~tactically~*~*~ (outnumbered).
  2190 | D:3      | 2190 ||| Stepping ~*~*~tactically~*~*~ (outnumbered).
  2202 | D:3      | HP: 6/35 [gnoll/+3 spear (3)]
  2204 | D:3      | Slain by a gnoll

Levels and vault maps discovered:
D:1:      dpeg_arrival_court, layout_loops_ring, dreamdust_wishing_well
D:2:      layout_loops_ring, serial_shops, nicolae_shop_crystal
D:3:      layout_basic, gammafunk_temple_overflow_forgotten,
          nicolae_overflow_hidden_temple, chequers_ecumenical_altar_simple

Skill      XL: |  1  2  3  4 |
---------------+-------------+-----
Unarmed Combat | 1 2 3 |  3.6
Fighting       | 1 |  1.0
Armour         | 1 |  1.5
Dodging        | |  1.7
Stealth        | |  2.1
Spellcasting   | |  1.7
Conjurations   | |  0.7
Fire Magic     | |  2.4

Action                   |  1- 3 |  4- 6 || total
-------------------------+-------+-------++-------
Melee: Unarmed           |   140 |    41 ||   181
       Punch             |     2 |     3 ||     5
Throw: Boomerang         |     8 |       ||     8
  Use: Scroll            |     1 |     2 ||     3
Armor: Robe              |    15 |       ||    15
       Chain mail        |    52 |    24 ||    76
Dodge: Dodged            |    50 |    21 ||    71

Table legend:
 A = Non-vault XP
 B = Vault XP
 C = Vault XP percentage of total XP
 D = Non-vault monster count
 E = Vault monster count
 F = Vault count percentage of total count
                 A         B        C        D         E       F
            +---------+---------+-------+---------+---------+-------
      Total |     151 |       0 |   0.0 |      39 |       0 |   0.0
            +---------+---------+-------+---------+---------+-------
        D:1 |      14 |       0 |   0.0 |      10 |       0 |   0.0
        D:2 |      70 |       0 |   0.0 |      20 |       0 |   0.0
        D:3 |      67 |       0 |   0.0 |       9 |       0 |   0.0
            +---------+---------+-------+---------+---------+-------
